 Dungeon Crawl Stone Soup version 0.20-a0-839-gdaf5c57 (webtiles) character file.

62 4thArraOfDagon the Sneak (level 3, -2/27 HPs)
             Began as a Mummy Wanderer on Mar 8, 2017.
             Slain by a centaur (5 damage)
             ... on level 5 of the Dungeon.
             The game lasted 00:02:27 (465 turns).

4thArraOfDagon the Sneak (Mummy Wanderer)            Turns: 465, Time: 00:02:27

Health: -2/27      AC:  5    Str: 17    XL:     3   Next: 85%
Magic:  3/3        EV: 10    Int: 12    God:
Gold:   26         SH:  0    Dex:  9    Spells: 2/2 levels left

rFire    x . .     SeeInvis .   c - +0 quarterstaff
rCold    + . .     Gourm    .   g - +0 ring mail
rNeg     + + +     Faith    .   (shield currently unavailable)
rPois    ∞         Spirit   .   (no helmet)
rElec    .         Reflect  .   (no cloak)
rCorr    .         Harm     .   (no gloves)
MR       .....                  (no boots)
Stlth    +.........             (no amulet)
Regen    0.1/turn               (no ring)
MPRegen  0.1/turn               (no ring)

@: no status effects
A: no food or potions, fire vulnerability, cold resistance 1, negative energy
resistance 3, torment resistance, unbreathing
a: no special abilities


You were on level 5 of the Dungeon.
You were not hungry.

You visited 1 branch of the dungeon, and saw 5 of its levels.

You collected 26 gold pieces.

Inventory:

Hand Weapons
 c - a +0 quarterstaff (weapon)
 d - a +0 dagger
Armour
 b - a +0 ring mail
 g - a +0 ring mail (worn)
Jewellery
 e - an uncursed ring of ice
Wands
 a - a wand of enslavement (7/24)
Scrolls
 f - 3 scrolls of identify {unknown}
 h - a scroll of remove curse {unknown}
 i - 2 scrolls of teleportation {unknown}
 j - a scroll of enchant armour {unknown}


   Skills:
 - Level 2.0 Fighting
   Level 1.5(2.6) Maces & Flails
 * Level 3.1(3.4) Staves
 - Level 3.2 Stealth
 - Level 1.0 Evocations


You had 2 spell levels left.
You didn't know any spells.

Dungeon Overview and Level Annotations

Branches:
Dungeon (5/15)
 Temple: D:4-7

Altars:
Ashenzari
The Shining One


Innate Abilities, Weirdness & Mutations

You do not eat or drink.
Your flesh is vulnerable to fire.
You are immune to poison.
Your flesh is cold resistant. (rC+)
You are immune to negative energy. (rN+++)
You are immune to unholy pain and torment.
You can survive without breathing.


Message History

The centaur hits you.
* * * LOW HITPOINT WARNING * * *
The centaur hits you.
* * * LOW HITPOINT WARNING * * *
Unknown command.
Unknown command.
Evoke which item? (* to show all) (? for menu, Esc to quit)
Aiming: Enslavement
Press: ? - help, Shift-Dir - straight line, f - centaur
Aim: a centaur (moderately wounded, chance to defeat MR: 49%)
The centaur resists with some effort.
This wand has 8 charges left.
The centaur misses you. The centaur closely misses you.
Unknown command.
Evoke which item? (* to show all) (? for menu, Esc to quit)
Aiming: Enslavement
Press: ? - help, Shift-Dir - straight line, f/p - centaur
Aim: a centaur (moderately wounded, chance to defeat MR: 49%)
The centaur resists with some effort.
This wand has 7 charges left.
The centaur hits you.
You die...

... ..
####+#.
#......##
#........
#.....>.###
#.....c...#
#.@.<# #....#
#........(
#........._.
#...###......
#... .....!
#### ......
..####


You could see a centaur.

Vanquished Creatures
  A gnoll (D:3)
  An adder (D:3)
  A leopard gecko (D:3)
  A ball python (D:2)
  2 giant cockroaches
  2 goblins
  A hobgoblin (D:3)
  2 quokkas
  2 bats
  3 frilled lizards (D:2)
  2 kobolds (D:2)
  3 rats
21 creatures vanquished.

Vanquished Creatures (collateral kills)
  Ijyb (D:2)
  A gnoll (D:3)
  A kobold (D:2)
3 creatures vanquished.

Vanquished Creatures (others)
  2 gnolls (D:3)
2 creatures vanquished.

Grand Total: 26 creatures vanquished

Notes
Turn   | Place    | Note
-------+----------+-------------------------------------------
     0 | D:1      | 4thArraOfDagon the Mummy Wanderer began the quest for the Orb.
     0 | D:1      | 4thArraOfDagon set off with: a wand of enslavement (15/24), a +0 ring mail, a +0 quarterstaff, a +0 dagger
     0 | D:1      | Reached XP level 1. HP: 16/16 MP: 1/1
    16 | D:2      | Noticed Ijyb
    21 | D:2      | Found a glowing golden altar of the Shining One.
    54 | D:2      | Killed Ijyb
    54 | D:2      | Reached XP level 2. HP: 12/22 MP: 2/2
   185 | D:3      | Reached XP level 3. HP: 21/27 MP: 3/3
   456 | D:5      | Entered Level 5 of the Dungeon
   456 | D:5      | Noticed a centaur
   457 | D:5      | Found a shattered altar of Ashenzari.
   465 | D:5      | Slain by a centaur

Vault maps used:
D:1:      mushboom_english_gardens, serial_bayou_pond_a
D:2:      tso_metal_star, ashenzari_conservatory_becter, minmay_pentomino_t2,
          uniq_iyjb, uniq_terence, uniq_sigmund
D:4:      nicolae_overflow_crystal_walls, first_bread, gup_sewer_entry_glass
D:5:      kennysheep_mini, lightli_temple_of_fire,
          minmay_temple_entry_overgrown, basic_altar

Skill      XL: |  1  2  3 |
---------------+----------+-----
Staves         | 2 3 |  3.1
Fighting       | |  2.0
Maces & Flails | |  1.5
Stealth        | |  3.2
Evocations     | |  1.0

Action                   || total
-------------------------++-------
Melee: Quarterstaff      ||    76
Evoke: Wand              ||     8
Armor: Ring mail         ||    32
Dodge: Dodged            ||    57
